[Event "69th RUS-ch Women Superfinal 2019"]
[Site "Izhevsk"]
[Date "2019.08.13"]
[Round "3.1"]
[White "Charochkina, Daria"]
[Black "Kashlinskaya, Alina"]
[Result "0-1"]
[ECO "A21"]
[WhiteElo "2338"]
[BlackElo "2492"]
[Annotator "ChessBase"]
[PlyCount "100"]
[EventDate "2019.08.10"]
[EventType "tourn"]
[EventCountry "RUS"]
[SourceTitle "playchess.com"]
[Source "ChessBase"]
[SourceQuality "1"]
[TimeControl "40/5400+30:1800+30"]

1. c4 e5 2. Nc3 Bb4 3. Nd5 Be7 4. d4 exd4 5. Qxd4 Nf6 6. Nf3 Nxd5 7. cxd5 O-O 8. e4 d6 9. Bd3 c5 10. Qe3 Bf6 11. Qf4 b5 12. O-O c4 13. Bc2 Na6 14. a4 b4 15. e5 dxe5 16. Qxc4 Bb7 17. Rd1 Rc8 18. Qe4 g6 19. Bh6 Re8 20. Rac1 Nc5 21. Qxb4 e4 22. Ne1 a5 23. Qa3 Bxd5 24. Bb1 Nd3 25. Nxd3 exd3 26. Qxd3 Rxc1 27. Bxc1 Qa8 28. Qg3 Qb7 29. h3 Bb3 30. Rf1 Bc4 31. Bd3 Be5 32. f4 Bd4+ 33. Kh2 Bd5 34. f5 Be4 35. Bb5 Rc8 36. fxg6 hxg6 37. Bd3 Rxc1 38. Rxc1 Qxb2 39. Rc8+ Kg7 40. Bxe4 Be5 41. Bf3 Bxg3+ 42. Kxg3 Qb3 43. Ra8 Qxa4 44. h4 Qb5 45. Kh3 a4 46. Ra7 Qb3 47. h5 gxh5 48. Kh4 Qb4+ 49. Kh3 h4 50. Bh5 Qf4 0-1

[Event "69th RUS-ch Women Superfinal 2019"]
[Site "Izhevsk"]
[Date "2019.08.13"]
[Round "3.2"]
[White "Shuvalova, Polina"]
[Black "Girya, Olga"]
[Result "0-1"]
[ECO "B13"]
[WhiteElo "2418"]
[BlackElo "2457"]
[Annotator "ChessBase"]
[PlyCount "56"]
[EventDate "2019.08.10"]
[EventType "tourn"]
[EventCountry "RUS"]
[SourceTitle "playchess.com"]
[Source "ChessBase"]
[SourceQuality "1"]
[TimeControl "40/5400+30:1800+30"]

1. e4 c6 2. d4 d5 3. exd5 cxd5 4. Bd3 Nc6 5. c3 Nf6 6. h3 g6 7. Bf4 Bf5 8. Be2 e6 9. Nd2 h5 10. Qb3 Bd6 11. Qxb7 Bxf4 12. Qxc6+ Kf8 13. Ngf3 Kg7 14. Nb3 Rb8 15. O-O Ne4 16. Rad1 Ng5 17. g3 Nxh3+ 18. Kg2 h4 19. Rh1 hxg3 20. fxg3 Rc8 21. Qa6 Qc7 22. Nh4 Be4+ 23. Bf3 Bxg3 24. Rxh3 Rxh4 25. Bxe4 Rxh3 26. Kxh3 Rh8+ 27. Kg2 Rh2+ 28. Kg1 Qf4 0-1

[Event "69th RUS-ch Women Superfinal 2019"]
[Site "Izhevsk"]
[Date "2019.08.13"]
[Round "3.3"]
[White "Kosteniuk, Alexandra"]
[Black "Potapova, Margarita"]
[Result "0-1"]
[ECO "B95"]
[WhiteElo "2517"]
[BlackElo "2292"]
[Annotator "ChessBase"]
[PlyCount "82"]
[EventDate "2019.08.10"]
[EventType "tourn"]
[EventCountry "RUS"]
[SourceTitle "playchess.com"]
[Source "ChessBase"]
[SourceQuality "1"]
[TimeControl "40/5400+30:1800+30"]

1. e4 c5 2. Nf3 d6 3. d4 cxd4 4. Nxd4 Nf6 5. Nc3 a6 6. Bg5 e6 7. Qf3 Be7 8. Be2 Nbd7 9. O-O Qc7 10. a4 h6 11. Be3 g5 12. Qh3 Ne5 13. Bxg5 Bd7 14. Be3 h5 15. Nb3 O-O-O 16. Nb5 axb5 17. axb5 Be8 18. Ra8+ Kd7 19. b6 Qc6 20. Ra7 Rb8 21. Bd4 Qxe4 22. Ba6 Kd8 23. Bxe5 bxa6 24. Nc5 Qxe5 25. Nxa6 Rxb6 26. Ra8+ Kd7 27. Qa3 Qb5 28. Qc3 Qc6 29. Qa5 Nd5 30. Nb8+ Rxb8 31. Rxb8 Nc7 32. Rb6 Qa8 33. Qb4 Rg8 34. f3 Rg5 35. Rd1 Qxf3 36. Rbxd6+ Bxd6 37. Rxd6+ Kc8 38. Qd2 Qf6 39. c4 Rf5 40. Qd1 h4 41. h3 Qxb2 0-1

[Event "69th RUS-ch Women Superfinal 2019"]
[Site "Izhevsk"]
[Date "2019.08.13"]
[Round "3.4"]
[White "Pogonina, Natalija"]
[Black "Bodnaruk, Anastasia"]
[Result "1-0"]
[ECO "A48"]
[WhiteElo "2457"]
[BlackElo "2440"]
[Annotator "ChessBase"]
[PlyCount "111"]
[EventDate "2019.08.10"]
[EventType "tourn"]
[EventCountry "RUS"]
[SourceTitle "playchess.com"]
[Source "ChessBase"]
[SourceQuality "1"]
[TimeControl "40/5400+30:1800+30"]

1. d4 Nf6 2. Nf3 g6 3. b3 Bg7 4. Bb2 O-O 5. e3 c5 6. dxc5 Qc7 7. Nbd2 Qxc5 8. c4 d6 9. Be2 b6 10. O-O Bb7 11. Rc1 Nbd7 12. Nb1 Ne4 13. Bxg7 Kxg7 14. Qc2 Ndf6 15. Nc3 Rac8 16. Nxe4 Nxe4 17. Rfd1 e5 18. Nd2 Nf6 19. Bf3 Bxf3 20. Nxf3 b5 21. Qd2 Ne4 22. Qd3 f5 23. Nd2 Nf6 24. b4 Qxb4 25. cxb5 d5 26. h3 Rfd8 27. Nb3 Rxc1 28. Rxc1 Rd7 29. Qc3 Qd6 30. Qc5 Ne4 31. Qxd6 Nxd6 32. Nc5 Re7 33. a4 Nb7 34. Nxb7 Rxb7 35. Rc6 Rd7 36. Kf1 Kf7 37. Ke2 Ke7 38. Ra6 e4 39. h4 Rc7 40. Kd2 Kd7 41. h5 gxh5 42. Rf6 Kc8 43. Rxf5 h4 44. Rxd5 Rg7 45. Rh5 Rxg2 46. Ke2 Rg7 47. Rxh4 Re7 48. Kd2 Kc7 49. Rh6 Rf7 50. Kc3 Rd7 51. Kc4 Rf7 52. Kd5 Rxf2 53. Rxh7+ Kb6 54. Rh6+ Kb7 55. Kxe4 Ra2 56. Ra6 1-0

[Event "69th RUS-ch Women Superfinal 2019"]
[Site "Izhevsk"]
[Date "2019.08.13"]
[Round "3.5"]
[White "Gunina, Valentina"]
[Black "Goryachkina, Aleksandra"]
[Result "1/2-1/2"]
[ECO "D10"]
[WhiteElo "2497"]
[BlackElo "2564"]
[Annotator "ChessBase"]
[PlyCount "80"]
[EventDate "2019.08.10"]
[EventType "tourn"]
[EventCountry "RUS"]
[SourceTitle "playchess.com"]
[Source "ChessBase"]
[SourceQuality "1"]
[TimeControl "40/5400+30:1800+30"]

1. d4 d5 2. c4 c6 3. Nc3 Nf6 4. e3 g6 5. Nf3 Bg7 6. Be2 O-O 7. O-O dxc4 8. Bxc4 Bg4 9. h3 Bxf3 10. Qxf3 Nbd7 11. Rd1 e5 12. d5 e4 13. Nxe4 Nxe4 14. Qxe4 Nb6 15. Bb3 cxd5 16. Bxd5 Nxd5 17. Rxd5 Qb6 18. Qf3 Rac8 19. e4 Bxb2 20. Be3 Qa6 21. Rad1 Bg7 22. Bc5 Rfe8 23. Qb3 Qe6 24. Bxa7 Qxe4 25. Qxb7 Qa4 26. Kh2 Qxa2 27. Re1 Qc4 28. Rxe8+ Rxe8 29. Be3 h5 30. Qd7 Qe4 31. Bd4 Bh6 32. Bc3 Bg7 33. Bd4 Bxd4 34. Rxd4 Qe6 35. Qxe6 Rxe6 36. Kg3 Kg7 37. h4 Rb6 38. f3 Rb2 39. Ra4 Kf6 40. Ra6+ Kg7 1/2-1/2

[Event "69th RUS-ch Women Superfinal 2019"]
[Site "Izhevsk"]
[Date "2019.08.13"]
[Round "3.6"]
[White "Shafigullina, Zarina"]
[Black "Tomilova, Elena"]
[Result "1-0"]
[ECO "A01"]
[WhiteElo "2246"]
[BlackElo "2281"]
[Annotator "NA"]
[PlyCount "71"]
[EventDate "2019.08.10"]
[EventType "tourn"]
[EventCountry "RUS"]
[SourceTitle "playchess.com"]
[Source "ChessBase"]
[SourceQuality "1"]
[TimeControl "40/5400+30:1800+30"]

1. b3 d5 2. Bb2 Bg4 3. Nf3 Bxf3 4. exf3 e6 5. g3 Nf6 6. Bg2 g6 7. Qe2 c6 8. d3 Bg7 9. Nd2 O-O 10. f4 c5 11. c4 Nc6 12. Nf3 Qa5+ 13. Kf1 d4 14. Ne5 Nxe5 15. fxe5 Nd7 16. f4 Rab8 17. Be4 f6 18. exf6 Nxf6 19. Bf3 e5 20. fxe5 Ng4 21. Kg1 Nxe5 22. Be4 h5 23. h3 Bh6 24. Bc1 Qc3 25. Bxh6 Qxa1+ 26. Kh2 Qc3 27. Bxf8 Kxf8 28. Rf1+ Kg7 29. Qf2 Re8 30. Qf6+ Kh6 31. Qf4+ Kg7 32. g4 hxg4 33. hxg4 Qc2+ 34. Kg3 Qe2 35. Qf6+ Kg8 36. Bd5+ 1-0

[Event "69th RUS-ch Women Superfinal 2019"]
[Site "Izhevsk"]
[Date "2019.08.14"]
[Round "4.1"]
[White "Goryachkina, Aleksandra"]
[Black "Shafigullina, Zarina"]
[Result "1-0"]
[ECO "C42"]
[WhiteElo "2564"]
[BlackElo "2246"]
[Annotator "ChessBase"]
[PlyCount "117"]
[EventDate "2019.08.10"]
[EventType "tourn"]
[EventCountry "RUS"]
[SourceTitle "playchess.com"]
[Source "ChessBase"]
[SourceQuality "1"]
[TimeControl "40/5400+30:1800+30"]

1. e4 e5 2. Nf3 Nf6 3. Nxe5 d6 4. Nf3 Nxe4 5. Nc3 Nf6 6. d4 Bf5 7. Bd3 Bg6 8. O-O Be7 9. Re1 O-O 10. Bg5 Nbd7 11. Nh4 Bxd3 12. Qxd3 Nd5 13. Nxd5 Bxg5 14. Nf5 c6 15. f4 Bf6 16. Nxf6+ Nxf6 17. Qg3 g6 18. Qg5 d5 19. Ng3 Kg7 20. Re7 Qc8 21. Rae1 h6 22. Qe5 Re8 23. f5 Rxe7 24. Qxe7 Ng8 25. Qe5+ Kh7 26. Qd6 Qd8 27. fxg6+ fxg6 28. Qe6 Kg7 29. Rf1 Qe7 30. Qg4 Kh7 31. h4 Rf8 32. Rxf8 Qxf8 33. h5 Qe8 34. Kh2 Nf6 35. Qf4 Nxh5 36. Nxh5 gxh5 37. Qc7+ Kg8 38. Qxb7 Qd8 39. Kg1 Qe8 40. Kf1 Qf8+ 41. Ke2 Qe8+ 42. Kd1 a5 43. Qc7 Qe4 44. Qg3+ Kf7 45. Qf3+ Qxf3+ 46. gxf3 a4 47. Ke2 Ke6 48. Kf2 h4 49. b3 a3 50. c4 c5 51. cxd5+ Kxd5 52. dxc5 Kxc5 53. f4 Kd4 54. b4 Kc3 55. b5 Kb2 56. b6 Kxa2 57. b7 Ka1 58. b8=Q h3 59. f5 1-0

[Event "69th RUS-ch Women Superfinal 2019"]
[Site "Izhevsk"]
[Date "2019.08.14"]
[Round "4.2"]
[White "Bodnaruk, Anastasia"]
[Black "Gunina, Valentina"]
[Result "1/2-1/2"]
[ECO "C67"]
[WhiteElo "2440"]
[BlackElo "2497"]
[Annotator "ChessBase"]
[PlyCount "136"]
[EventDate "2019.08.10"]
[EventType "tourn"]
[EventCountry "RUS"]
[SourceTitle "playchess.com"]
[Source "ChessBase"]
[SourceQuality "1"]
[TimeControl "40/5400+30:1800+30"]

1. e4 e5 2. Nf3 Nc6 3. Bb5 Nf6 4. O-O Nxe4 5. d4 Nd6 6. dxe5 Nxb5 7. a4 Nbd4 8. Nxd4 d6 9. Nxc6 bxc6 10. Qd4 Be6 11. Be3 c5 12. Qc3 Qd7 13. Rd1 Qc6 14. b4 Be7 15. b5 Qb7 16. Nd2 O-O 17. Nb3 Qe4 18. Re1 Qg6 19. Bf4 a6 20. b6 cxb6 21. exd6 Bf6 22. Be5 Bxe5 23. Rxe5 a5 24. Rd1 Qg4 25. Qa1 Rad8 26. Re3 Qf4 27. Red3 Rd7 28. Nc1 Bc4 29. R3d2 Re8 30. Nd3 Bxd3 31. Rxd3 Re2 32. Rf3 Qe4 33. Rfd3 Qf5 34. Rf3 Qxc2 35. h3 h6 36. Rd5 Qe4 37. Rd1 Qe6 38. Rfd3 c4 39. Rd5 Qe4 40. Qb1 Qxb1 41. Rxb1 c3 42. Rbd1 f6 43. R5d3 Rc2 44. Kh2 Kf7 45. f4 f5 46. Re1 Kf6 47. Kg3 Ra2 48. Rc1 Rd2 49. Rcxc3 Rxd3+ 50. Rxd3 Ke6 51. Kf3 Rxd6 52. Rb3 Kd7 53. g4 fxg4+ 54. hxg4 Kc7 55. Ke4 Rd1 56. Rc3+ Kd6 57. Rb3 Kc6 58. Rc3+ Kb7 59. Ke5 Ra1 60. Rc4 Rb1 61. Rd4 Kc7 62. Rc4+ Kd7 63. Rd4+ Ke8 64. Rc4 Kd7 65. Rd4+ Kc7 66. Rc4+ Kb7 67. Rd4 Kc7 68. Rc4+ Kd7 1/2-1/2

[Event "69th RUS-ch Women Superfinal 2019"]
[Site "Izhevsk"]
[Date "2019.08.14"]
[Round "4.3"]
[White "Potapova, Margarita"]
[Black "Pogonina, Natalija"]
[Result "1/2-1/2"]
[ECO "D37"]
[WhiteElo "2292"]
[BlackElo "2457"]
[Annotator "ChessBase"]
[PlyCount "74"]
[EventDate "2019.08.10"]
[EventType "tourn"]
[EventCountry "RUS"]
[SourceTitle "playchess.com"]
[Source "ChessBase"]
[SourceQuality "1"]
[TimeControl "40/5400+30:1800+30"]

1. d4 Nf6 2. c4 e6 3. Nf3 d5 4. Nc3 Nbd7 5. Bf4 dxc4 6. e3 b5 7. Nxb5 Bb4+ 8. Nc3 Nd5 9. a3 Nxc3 10. Qd2 Nd5 11. axb4 Nxf4 12. exf4 Bb7 13. Be2 Nb6 14. O-O Qd6 15. Ne5 f6 16. Bh5+ g6 17. Bf3 Bd5 18. Bxd5 Nxd5 19. Nxc4 Qxf4 20. Qe2 Kf7 21. Rfe1 Rhe8 22. g3 Qh6 23. Ra6 Qh3 24. b5 h5 25. Rc6 Re7 26. Rc5 Qg4 27. Qxg4 hxg4 28. Re4 Nb4 29. Rxg4 Nd3 30. Rc6 Nb4 31. Rc5 Nd3 32. Rc6 Nb4 33. Rc5 Nd3 34. Rc6 Nb4 35. Rc5 Nd3 36. Rc6 Nb4 37. Rc5 Nd3 1/2-1/2

[Event "69th RUS-ch Women Superfinal 2019"]
[Site "Izhevsk"]
[Date "2019.08.14"]
[Round "4.4"]
[White "Girya, Olga"]
[Black "Kosteniuk, Alexandra"]
[Result "1-0"]
[ECO "E32"]
[WhiteElo "2457"]
[BlackElo "2517"]
[Annotator "ChessBase"]
[PlyCount "77"]
[EventDate "2019.08.10"]
[EventType "tourn"]
[EventCountry "RUS"]
[SourceTitle "playchess.com"]
[Source "ChessBase"]
[SourceQuality "1"]
[TimeControl "40/5400+30:1800+30"]

1. d4 Nf6 2. c4 e6 3. Nc3 Bb4 4. Qc2 d6 5. a3 Bxc3+ 6. Qxc3 Nbd7 7. f3 e5 8. e4 exd4 9. Qxd4 Nc5 10. Qc3 O-O 11. Be3 Bd7 12. Bxc5 dxc5 13. O-O-O Qe7 14. e5 Ne8 15. Bd3 Qg5+ 16. Kb1 f6 17. Qc2 f5 18. Nh3 Qh6 19. f4 Qa6 20. g4 g6 21. Ng5 Ng7 22. Qg2 fxg4 23. Be4 Bc6 24. Bd5+ Kh8 25. Qxg4 Bxd5 26. cxd5 Qc4 27. Rhf1 Rf5 28. Qh4 Nh5 29. d6 cxd6 30. exd6 Rd5 31. Rfe1 Qb3 32. Rxd5 Qxd5 33. Qg4 Ng7 34. Rd1 Qb3 35. d7 Rd8 36. Rd2 Nf5 37. Qe2 Qg8 38. Qe5+ Ng7 39. Qe7 1-0

[Event "69th RUS-ch Women Superfinal 2019"]
[Site "Izhevsk"]
[Date "2019.08.14"]
[Round "4.5"]
[White "Charochkina, Daria"]
[Black "Shuvalova, Polina"]
[Result "1-0"]
[ECO "A03"]
[WhiteElo "2338"]
[BlackElo "2418"]
[Annotator "NA"]
[PlyCount "119"]
[EventDate "2019.08.10"]
[EventType "tourn"]
[EventCountry "RUS"]
[SourceTitle "playchess.com"]
[Source "ChessBase"]
[SourceQuality "1"]
[TimeControl "40/5400+30:1800+30"]

1. f4 d5 2. Nf3 Nf6 3. e3 g6 4. b4 Bg7 5. Bb2 a5 6. b5 a4 7. Na3 O-O 8. Be2 c5 9. O-O c4 10. Ne5 Qd6 11. Qc1 Nfd7 12. d4 cxd3 13. Nxd3 Bxb2 14. Qxb2 Nb6 15. Rad1 N8d7 16. Kh1 Nf6 17. c4 dxc4 18. Ne5 Qc5 19. Naxc4 Be6 20. Nxb6 Qxb6 21. Qa3 Kg7 22. Qxe7 Qxe3 23. Bf3 Qxf4 24. Nd3 Qh4 25. Nc5 Bf5 26. Nxb7 Rae8 27. Qa3 Re5 28. Qb2 Re6 29. Nc5 Rb6 30. Bc6 Kg8 31. Rd4 Qh6 32. Nxa4 Rbb8 33. Qc1 Qg7 34. Qd1 Ng4 35. Rxg4 Rbd8 36. Qf3 Bxg4 37. Qxg4 Rd4 38. Qe2 Rxa4 39. b6 Rb4 40. b7 Qc3 41. Bd5 Qc7 42. Qf3 Qe5 43. h3 Kg7 44. Qa3 Rb5 45. Bf3 h5 46. Qa6 Rd8 47. a4 Rb3 48. Qc6 Ra3 49. Qb6 Ra1 50. Rb1 Rb8 51. Qb4 h4 52. Rxa1 Qxa1+ 53. Kh2 Qe5+ 54. Kg1 Qe3+ 55. Kf1 Qd3+ 56. Kf2 Qc2+ 57. Be2 Re8 58. Qb5 Qc7 59. Qxe8 Qf4+ 60. Bf3 1-0

[Event "69th RUS-ch Women Superfinal 2019"]
[Site "Izhevsk"]
[Date "2019.08.14"]
[Round "4.6"]
[White "Kashlinskaya, Alina"]
[Black "Tomilova, Elena"]
[Result "1-0"]
[ECO "D44"]
[WhiteElo "2492"]
[BlackElo "2281"]
[Annotator "ChessBase"]
[PlyCount "97"]
[EventDate "2019.08.10"]
[EventType "tourn"]
[EventCountry "RUS"]
[SourceTitle "playchess.com"]
[Source "ChessBase"]
[SourceQuality "1"]
[TimeControl "40/5400+30:1800+30"]

1. d4 d5 2. c4 c6 3. Nf3 Nf6 4. Nc3 e6 5. Bg5 dxc4 6. a4 b5 7. axb5 cxb5 8. Nxb5 Qb6 9. Na3 Bxa3 10. Qa4+ Nc6 11. Qxa3 Ne4 12. e3 f6 13. Bf4 Nb4 14. Rc1 Ba6 15. Bc7 Qxc7 16. Qxb4 Rb8 17. Qa4+ Bb5 18. Qa3 Qd6 19. Nd2 Qxa3 20. bxa3 Nxd2 21. Kxd2 Rc8 22. Rb1 Ba6 23. Kc3 Ke7 24. Be2 e5 25. Rb4 Rc7 26. Rhb1 exd4+ 27. exd4 Rd8 28. Ra4 Rd6 29. Rbb4 Rdc6 30. Ra5 Bc8 31. Rxc4 Kd6 32. Rxc6+ Rxc6+ 33. Bc4 Rc7 34. Rd5+ Ke7 35. Rc5 Kd6 36. Rxc7 Kxc7 37. Bg8 h6 38. Kc4 Kd6 39. Kb5 Bb7 40. g3 g5 41. Bb3 Bc8 42. a4 Bb7 43. a5 Bc8 44. Bg8 Bb7 45. d5 Bc8 46. Be6 Bb7 47. g4 Ke5 48. Kc5 Ba6 49. Bf5 1-0

[Event "69th RUS-ch Women Superfinal 2019"]
[Site "Izhevsk"]
[Date "2019.08.15"]
[Round "5.1"]
[White "Shuvalova, Polina"]
[Black "Kashlinskaya, Alina"]
[Result "1/2-1/2"]
[ECO "C43"]
[WhiteElo "2418"]
[BlackElo "2492"]
[Annotator "ChessBase"]
[PlyCount "69"]
[EventDate "2019.08.10"]
[EventType "tourn"]
[EventCountry "RUS"]
[SourceTitle "playchess.com"]
[Source "ChessBase"]
[SourceQuality "1"]
[TimeControl "40/5400+30:1800+30"]

1. e4 e5 2. Nf3 Nf6 3. d4 Nxe4 4. Bd3 d5 5. Nxe5 Nd7 6. Nxd7 Bxd7 7. O-O Bd6 8. Nc3 Nxc3 9. bxc3 Qh4 10. g3 Qh3 11. Re1+ Be6 12. c4 dxc4 13. Bxc4 O-O 14. Bxe6 fxe6 15. Re4 Rf7 16. Qg4 Qxg4 17. Rxg4 e5 18. Bb2 exd4 19. Bxd4 Re8 20. Rb1 b6 21. Kf1 Bf8 22. Re1 Rxe1+ 23. Kxe1 Rf5 24. a4 Kf7 25. Ke2 h5 26. Re4 Bd6 27. h3 Ra5 28. Be3 a6 29. g4 hxg4 30. hxg4 b5 31. axb5 axb5 32. Rd4 Ke6 33. Re4+ Kf7 34. Rd4 Ke6 35. Re4+ {[%emt 0:00:04] Ke5} 1/2-1/2

[Event "69th RUS-ch Women Superfinal 2019"]
[Site "Izhevsk"]
[Date "2019.08.15"]
[Round "5.4"]
[White "Gunina, Valentina"]
[Black "Potapova, Margarita"]
[Result "1-0"]
[ECO "A05"]
[WhiteElo "2497"]
[BlackElo "2292"]
[Annotator "ChessBase"]
[PlyCount "99"]
[EventDate "2019.08.10"]
[EventType "tourn"]
[EventCountry "RUS"]
[SourceTitle "playchess.com"]
[Source "ChessBase"]
[SourceQuality "1"]
[TimeControl "40/5400+30:1800+30"]

1. Nf3 Nf6 2. c4 e6 3. e3 b6 4. Nc3 Bb7 5. b3 Be7 6. Bb2 O-O 7. Be2 d5 8. O-O Nbd7 9. Qc2 c5 10. cxd5 Nxd5 11. Nxd5 Bxd5 12. Rfd1 Bf6 13. Rac1 Rc8 14. Bxf6 Qxf6 15. d4 Bb7 16. Qc4 cxd4 17. Qxd4 Nc5 18. Qxf6 gxf6 19. Nd4 Ne4 20. Bc4 Rfe8 21. b4 Nd6 22. Bb3 Rxc1 23. Rxc1 Rc8 24. Rd1 Nc4 25. h3 a6 26. Ne2 Ne5 27. f4 Nc6 28. Rd7 Ba8 29. f5 Ne5 30. Rd6 Rb8 31. fxe6 fxe6 32. Rxe6 Kg7 33. Nf4 Kh8 34. Rxf6 Nc6 35. a3 Re8 36. Bd5 Rc8 37. Be4 b5 38. Rf7 Ne5 39. Rxh7+ Kg8 40. Bf5 Rf8 41. Rh5 Nc4 42. Bh7+ Kf7 43. Kf2 Nxa3 44. Rc5 Kg7 45. Bf5 Kf6 46. g4 Rb8 47. e4 a5 48. e5+ Kg5 49. Kg3 axb4 50. Rc7 1-0

[Event "69th RUS-ch Women Superfinal 2019"]
[Site "Izhevsk"]
[Date "2019.08.16"]
[Round "6.1"]
[White "Kashlinskaya, Alina"]
[Black "Goryachkina, Aleksandra"]
[Result "0-1"]
[ECO "C07"]
[WhiteElo "2492"]
[BlackElo "2564"]
[Annotator "ChessBase"]
[PlyCount "64"]
[EventDate "2019.08.10"]
[EventType "tourn"]
[EventCountry "RUS"]
[SourceTitle "playchess.com"]
[Source "ChessBase"]
[SourceQuality "1"]
[TimeControl "40/5400+30:1800+30"]

1. e4 e6 2. d4 d5 3. Nd2 c5 4. exd5 Qxd5 5. dxc5 Qxc5 6. Ngf3 Nf6 7. Bd3 Nbd7 8. Qe2 Qc7 9. O-O Nc5 10. b3 Nxd3 11. Qxd3 Be7 12. Bb2 O-O 13. c4 b6 14. Rad1 Rd8 15. Qe2 Bb7 16. Ne5 h6 17. Rfe1 Rd6 18. Ndf3 Rxd1 19. Rxd1 Rd8 20. Nd4 a6 21. f3 Bd6 22. Nc2 Nd7 23. Ne1 b5 24. cxb5 axb5 25. Nxd7 Rxd7 26. Kh1 b4 27. Nc2 Qd8 28. Qb5 Qh4 29. h3 Bxf3 30. Kg1 Bh2+ 31. Kxh2 Qf4+ 32. g3 Rd2+ 0-1

[Event "69th RUS-ch Women Superfinal 2019"]
[Site "Izhevsk"]
[Date "2019.08.16"]
[Round "6.3"]
[White "Potapova, Margarita"]
[Black "Shafigullina, Zarina"]
[Result "1/2-1/2"]
[ECO "E15"]
[WhiteElo "2292"]
[BlackElo "2246"]
[Annotator "NA"]
[PlyCount "219"]
[EventDate "2019.08.10"]
[EventType "tourn"]
[EventCountry "RUS"]
[SourceTitle "playchess.com"]
[Source "ChessBase"]
[SourceQuality "1"]
[TimeControl "40/5400+30:1800+30"]

1. d4 Nf6 2. c4 e6 3. Nf3 b6 4. g3 Ba6 5. b3 Bb4+ 6. Bd2 Be7 7. Nc3 Bb7 8. Bg2 Ne4 9. O-O Nxc3 10. Bxc3 Be4 11. d5 Bf6 12. Bxf6 Qxf6 13. Qd4 Qxd4 14. Nxd4 Bxg2 15. Kxg2 a6 16. e4 c5 17. Nc2 Ke7 18. f4 $14 Rd8 19. Ne3 Ra7 20. Rf2 Rb7 21. Raf1 f6 22. g4 b5 23. e5 bxc4 24. bxc4 Rf8 25. f5 fxe5 26. g5 exf5 27. Nxf5+ Kd8 28. Nxg7 Rxf2+ 29. Rxf2 Rb6 30. h4 Rg6 31. Rf7 h6 32. d6 Rxd6 33. Rf8+ Ke7 34. Rxb8 Rd2+ 35. Kf3 hxg5 36. h5 Kf6 37. h6 Kg6 38. Rb6+ d6 39. Rxa6 Rd4 40. Ke3 g4 41. Ne8 Kxh6 42. Nxd6 Kh5 43. Nf7 g3 44. Rh6+ Kg4 45. Nxe5+ Kg5 46. Rh8 Kf6 47. Nf3 Rxc4 48. Rh1 Ra4 49. Ra1 Kf5 50. a3 Re4+ 51. Kd2 Kg4 52. Ng1 g2 53. a4 Rf4 54. a5 Rf2+ 55. Ne2 Kf3 56. Ra3+ Ke4 57. Rg3 Rf1 58. a6 Ra1 59. Nc3+ Kf5 60. Rxg2 Rxa6 61. Kd3 c4+ 62. Kxc4 Rc6+ 63. Kd4 Rd6+ 64. Nd5 Rh6 65. Rf2+ Kg4 66. Nf6+ Kg3 67. Ne4+ Kg4 68. Ke5 Rh5+ 69. Ke6 Ra5 70. Nf6+ Kg3 71. Rb2 Ra3 72. Ke5 Kf3 73. Nd5 Rd3 74. Rb8 Ra3 75. Rf8+ Kg4 76. Nf6+ Kf3 77. Nd5+ Kg4 78. Rf1 Ra5 79. Rf4+ Kg3 80. Rb4 Kf3 81. Kd4 Ra8 82. Ke5 Re8+ 83. Kf5 Rf8+ 84. Nf6 Ke3 85. Ke5 Kd3 86. Rd4+ Kc2 87. Ne4 Kb3 88. Rd7 Rh8 89. Kd4 Rh4 90. Rc7 Kb2 91. Rb7+ Kc2 92. Rb8 Rg4 93. Rc8+ Kb3 94. Kd3 Kb4 95. Rb8+ Ka5 96. Kd4 Rh4 97. Rb1 Ka4 98. Kd5 Ka3 99. Nc5 Rg4 100. Nd3 Rh4 101. Ne5 Rh5 102. Kd4 Rh4+ 103. Kc3 Ka4 104. Nc6 Rh3+ 105. Kc4 Rh4+ 106. Nd4 Ka5 107. Rb2 Rg4 108. Kc5 Rg5+ 109. Kd6 Rh5 110. Rb5+ 1/2-1/2

[Event "69th RUS-ch Women Superfinal 2019"]
[Site "Izhevsk"]
[Date "2019.08.16"]
[Round "6.5"]
[White "Charochkina, Daria"]
[Black "Pogonina, Natalija"]
[Result "0-1"]
[ECO "D35"]
[WhiteElo "2338"]
[BlackElo "2457"]
[Annotator "ChessBase"]
[PlyCount "98"]
[EventDate "2019.08.10"]
[EventType "tourn"]
[EventCountry "RUS"]
[SourceTitle "playchess.com"]
[Source "ChessBase"]
[SourceQuality "1"]
[TimeControl "40/5400+30:1800+30"]

1. c4 e6 2. Nc3 d5 3. d4 Nf6 4. cxd5 exd5 5. Bg5 c6 6. e3 Be7 7. Bd3 Nbd7 8. h3 O-O 9. Qc2 Re8 10. Bf4 c5 11. Nf3 a6 12. a4 cxd4 13. Nxd4 Nc5 14. O-O Nxd3 15. Qxd3 Be6 16. Rfd1 Rc8 17. Nce2 Ne4 18. Qb3 Nc5 19. Qa2 Qb6 20. Nc3 Red8 21. a5 Qb4 22. Nxe6 fxe6 23. Rd4 Qb3 24. Qb1 Nd7 25. e4 Bf6 26. e5 Be7 27. Bg3 Rc4 28. Rxc4 Qxc4 29. Ra4 Qc6 30. Rg4 Nf8 31. Qd3 Rc8 32. h4 b5 33. h5 b4 34. Ne2 Qc2 35. Qxa6 Rc6 36. Qb5 Rc5 37. Qe8 Qxe2 38. Rf4 Rc1+ 39. Kh2 h6 40. Qxe7 Qxh5+ 41. Bh4 Ng6 42. Qf7+ Kh7 43. Rxb4 d4 44. g3 Qd1 45. Qb7 Qg1+ 46. Kh3 Qxf2 47. Qe4 Re1 48. Qg2 Qf5+ 49. g4 Qd3+ 0-1

[Event "69th RUS-ch Women Superfinal 2019"]
[Site "Izhevsk"]
[Date "2019.08.17"]
[Round "7.1"]
[White "Kosteniuk, Alexandra"]
[Black "Kashlinskaya, Alina"]
[Result "0-1"]
[ECO "C11"]
[WhiteElo "2517"]
[BlackElo "2492"]
[Annotator "ChessBase"]
[PlyCount "120"]
[EventDate "2019.08.10"]
[EventType "tourn"]
[EventCountry "RUS"]
[SourceTitle "playchess.com"]
[Source "ChessBase"]
[SourceQuality "1"]
[TimeControl "40/5400+30:1800+30"]

1. e4 e6 2. d4 d5 3. Nc3 Nf6 4. e5 Nfd7 5. f4 c5 6. Nf3 Nc6 7. Be3 Qb6 8. Na4 Qa5+ 9. c3 b6 10. Bd2 c4 11. b3 b5 12. Nb2 Rb8 13. Kf2 Ba3 14. Qc2 f6 15. g3 Qb6 16. bxc4 fxe5 17. cxb5 Bxb2 18. Qxb2 e4 19. Qa3 Ne7 20. Ne1 Nf6 21. Nc2 Nf5 22. Be2 Bd7 23. Rab1 h5 24. Qb4 Kf7 25. a4 Qc7 26. Qc5 e3+ 27. Kf3 Qxc5 28. dxc5 exd2 29. Bd3 Ne4 30. Bxe4 dxe4+ 31. Ke2 Rbc8 32. c6 Bxc6 33. bxc6 Rxc6 34. Kxd2 Rd8+ 35. Nd4 Nxd4 36. cxd4 Rxd4+ 37. Ke3 Rxa4 38. Rhc1 Rxc1 39. Rxc1 Kf6 40. Rc7 g6 41. Rd7 a5 42. Ra7 e5 43. h4 Kf5 44. Rf7+ Ke6 45. Ra7 exf4+ 46. gxf4 Kd5 47. Rd7+ Kc5 48. Rc7+ Kb6 49. Rg7 Ra3+ 50. Kd4 Rd3+ 51. Kxe4 Rd6 52. Rf7 a4 53. Rf8 Rc6 54. Kd4 Kb5 55. f5 a3 56. Rb8+ Rb6 57. Ra8 Ra6 58. Rb8+ Kc6 59. Rc8+ Kd6 60. Re8 Ra4+ 0-1

[Event "69th RUS-ch Women Superfinal 2019"]
[Site "Izhevsk"]
[Date "2019.08.17"]
[Round "7.2"]
[White "Pogonina, Natalija"]
[Black "Shuvalova, Polina"]
[Result "1-0"]
[ECO "E06"]
[WhiteElo "2457"]
[BlackElo "2418"]
[Annotator "ChessBase"]
[PlyCount "75"]
[EventDate "2019.08.10"]
[EventType "tourn"]
[EventCountry "RUS"]
[SourceTitle "playchess.com"]
[Source "ChessBase"]
[SourceQuality "1"]
[TimeControl "40/5400+30:1800+30"]

1. d4 Nf6 2. c4 e6 3. g3 d5 4. Nf3 Be7 5. Bg2 O-O 6. Qc2 a6 7. Ne5 c5 8. dxc5 Qa5+ 9. Bd2 Qxc5 10. Nd3 Qc7 11. O-O Bd7 12. Na3 Nc6 13. cxd5 exd5 14. Nf4 Qe5 15. Qb3 Rfd8 16. Rad1 Bf5 17. Qxb7 Qd6 18. Rc1 Bd7 19. Qb3 Rab8 20. Qd3 Rxb2 21. Nc2 Rxa2 22. Qb3 Rxc2 23. Qxc2 g5 24. Nd3 Nd4 25. Qd1 Ne4 26. Bb4 Qf6 27. Bxe7 Qxe7 28. e3 Nf5 29. Qc2 Bb5 30. Rfd1 h5 31. Nc5 Nxc5 32. Qxc5 Qxc5 33. Rxc5 Ne7 34. Bxd5 Kg7 35. Bf3 Rxd1+ 36. Bxd1 Kg6 37. f4 f6 38. Bc2+ 1-0